 Dungeon Crawl Stone Soup version 0.30-a0-568-g124715a40b (webtiles) character file.

Game seed: 11875863689022744075

6065 Shayle the Fighter (level 10, -2/71 HPs)
             Began as a Tengu Reaver on Dec 28, 2022.
             Was a Priest of Kikubaaqudgha.
             Slain by a troll (13 damage)
             ... on level 9 of the Dungeon.
             The game lasted 00:43:25 (12677 turns).

Shayle the Fighter (Tengu Reaver)                  Turns: 12677, Time: 00:43:25

Health: -2/71      AC:  7    Str: 17 (19) XL:     10   Next: 87%
Magic:  11/17      EV: 15    Int: 17 (18) God:    Kikubaaqudgha [***...]
Gold:   1193       SH:  0    Dex: 12 (14) Spells: 1/17 levels left

rFire   + + .      SeeInvis .    y - +2 spear (venom)
rCold   + . .      Faith    .    (no shield)
rNeg    . . .      Spirit   .    p - +1 leather armour {rC+}
rPois   .          Reflect  .    (helmet restricted)
rElec   .          Harm     .    (no cloak)
rCorr   .          Rampage  .    a - +1 pair of gloves
Will    .....                    (boots unavailable)
Stlth   +                        (no amulet)
HPRegen 0.31/turn                k - ring of protection from fire
MPRegen 0.15/turn                u - ring of protection from fire

@: flying quickly and evasively, quick
A: beak, talons 3, nimble flight, agile 1, clever 1, robust 1, strong 2
a: Renounce Religion, Unearth Wretches


You were on level 9 of the Dungeon.
You worshipped Kikubaaqudgha.
Kikubaaqudgha was most pleased with you.
You visited 2 branches of the dungeon, and saw 11 of its levels.
You also visited: Bailey.

You collected 1363 gold pieces.
You spent 170 gold pieces at shops.

Inventory:

Hand Weapons
 m - a +0 quarterstaff of speed
 o - a +2 dagger of draining
 r - a +2 whip of pain
 y - a +2 spear of venom (weapon)
 B - a +2 sling of draining
 F - a +0 quick blade
Missiles
 e - 5 atropa-tipped darts (quivered)
 f - 21 poisoned darts
 s - 2 throwing nets
Armour
 a - a +1 pair of gloves (worn)
 p - a +1 leather armour of cold resistance (worn)
 C - the +2 kite shield of the Ladybird {rElec rF- Will+++ Str-5}
   (You took it off a kobold in a bailey)

   Str:       It affects your strength (-5).
   rF:        It makes you vulnerable to fire.
   rElec:     It insulates you from electricity.
   Will:      It greatly increases your willpower.
Jewellery
 k - a ring of protection from fire (left hand)
 u - a ring of protection from fire (right hand)
 A - a +4 ring of protection
Wands
 i - a wand of digging (5)
 n - a wand of charming (2)
 z - a wand of roots (2)
Scrolls
 c - 4 scrolls of amnesia
 d - 4 scrolls of noise
 h - 2 scrolls of immolation
 j - a scroll of torment
 t - 2 scrolls of teleportation
 x - 2 scrolls of identify
 G - a scroll of vulnerability {unknown}
Potions
 g - 3 potions of attraction
 l - 3 potions of haste
 q - 2 potions of mutation
 v - 2 potions of cancellation
 E - a potion of brilliance {unknown}
Miscellaneous
 D - a piece from Xom's chessboard (15/15)


   Skills:
 + Level 8.8 Fighting
 - Level 3.2 Polearms
 - Level 7.1 Armour
 - Level 3.9 Dodging
 + Level 4.2 Spellcasting
 - Level 4.0 Conjurations
 - Level 8.0 Necromancy
 - Level 5.7 Ice Magic
 + Level 3.0 Earth Magic


You had one spell level left.
You knew the following spells:

 Your Spells              Type           Power      Damage    Failure   Level
a - Kiss of Death         Conj/Necr      96%        2d12      1%          1
b - Hailstorm             Conj/Ice       20%        3d6       7%          3
c - Vampiric Draining     Necr           31%        2d8       1%          3
d - Animate Dead          Necr           31%        N/A       6%          4
e - Borgnjor's Vile Clut  Necr/Erth      11%        N/A       45%         5

Your spell library contained the following spells:

 Spells                   Type           Power      Damage    Failure   Level
 Necrotise                Necr           100%       1d9       1%          1
 Sublimation of Blood     Necr           31%        N/A       1%          2
 Ozocubu's Armour         Ice            23%        N/A       4%          3
 Dispel Undead            Necr           31%        3d14      6%          4
 Momentum Strike          Conj/Tloc      20%        3d8       12%         2
 Agony                    Necr           31%        N/A       19%         5
 Death Channel            Necr           15%        N/A       69%         6
 Simulacrum               Ice/Necr       13%        N/A       85%         6
 Ozocubu's Refrigeration  Ice            11%        4d10      100%        7


Dungeon Overview and Level Annotations

Branches:
Dungeon (10/15)            Temple (1/1) D:4            Lair (0/5) D:9
 Bailey (visited)
    Orc: D:9-12

Altars:
Ashenzari
Cheibriados
Dithmenos
Elyvilon
Fedhas
Gozag
Hepliaklqana
Kikubaaqudgha
Makhleb
Nemelex Xobeh
Okawaru
Qazlal
Ru
Sif Muna
Uskayaw
Vehumet
Wu Jian
Xom
Yredelemnul
Zin
The Shining One

Shops:
D:3 =   D:7 *   D:10 *

Annotations:
D:4 Blork the orc
D:5 2 runed translucent doors, xzight's ghost, amateur DEFE


Innate Abilities, Weirdness & Mutations

You have a beak for a mouth.
You have claws for feet.
Your magical nature lets you fly swiftly and evasively.
You are agile. (Dex +4, Str/Int -1)
Your mind is acute. (Int +4, Str/Dex -1)
You are robust. (+10% HP)
Your muscles are very strong. (Str +8, Int/Dex -2)


Message History

The troll is moderately wounded.
The troll closely misses you. The troll claws you!
The troll claws you but does no damage.
You completely miss the troll. You claw the troll!
The troll is heavily wounded.
The troll closely misses you. The troll claws you.
The troll claws you but does no damage. The yak gores you!
You hit the troll.
The troll looks as sick as possible!
The troll is heavily wounded.
The troll closely misses you. The troll claws you. The troll claws you!
The yak gores you!
You hit the troll. Your peck misses the troll.
The troll is heavily wounded.
The troll closely misses you. The troll claws you but does no damage.
The troll completely misses you. The yak gores you.
* * * LOW HITPOINT WARNING * * *
Casting: Hailstorm (dangerous; 7% risk of failure)
Confirm with . or Enter, or press ? or * to list all spells.
Aiming: Vampiric Draining (safe; 1% risk of failure)
Press: ? - help, Shift-Dir - straight line, f - troll
Aim: a troll (heavily wounded, extremely poisoned)
You draw life force from the troll.
You feel life coursing into your body. The yak gores you!
* * * LOW HITPOINT WARNING * * *
The troll bites you.
* * * LOW HITPOINT WARNING * * *
The troll claws you.
* * * LOW HITPOINT WARNING * * *
The troll claws you but does no damage.
Okay, then.
Okay, then.
Casting: Vampiric Draining (safe; 1% risk of failure)
Confirm with . or Enter, or press ? or * to list all spells.
Aiming: Vampiric Draining (safe; 1% risk of failure)
Press: ? - help, Shift-Dir - straight line, f/p - troll
Aim: a troll (severely wounded, extremely poisoned)
You draw life force from the troll!
You feel life coursing into your body. The troll bites you!
You die...
Kikubaaqudgha rasps: "You have failed me!
Welcome... death!"

##...## #...#
##.....## #...#
#.......# #.).#
#.......## #...#
#........# #...#
#........###...#####
#.........##.....Y..
#P..Y.............Y.
#..@T....##..#######
#P..P...###..#
#....P..# #T.#
##.P...## #..#
####### #..# #..#
#..#


You could see a yak and a troll (very poisoned).

Vanquished Creatures
  A deep elf pyromancer (D:10)
  2 orc knights (Bailey)
  Joseph (D:10)
  A komodo dragon (D:9)
  Prince Ribbit (D:4)
  A wyvern (D:9)
  A shadow (D:10)
  2 water moccasins
  A sky beast (D:5)
  7 orc warriors
  An ice beast (D:6)
  A black bear (D:8)
  An ogre (D:7)
  A centaur (D:8)
  3 kobold brigands
  A gnoll sergeant (D:8)
  5 bullfrogs
  A necrophage (D:6)
  2 scorpions
  7 killer bees
  3 howler monkeys (D:8)
  4 orc priests
  5 hounds
  3 jellies
  3 gnoll boudas
  5 orc wizards
  3 iguanas (D:5)
  6 adders
  25 gnolls
  34 orcs
  10 ball pythons
  7 endoplasms
  2 giant cockroaches
  6 goblins
  11 hobgoblins
  29 kobolds
  4 quokkas
  6 bats
  10 frilled lizards
  6 rats
223 creatures vanquished.

Vanquished Creatures (collateral kills)
  An orc warrior (D:8)
  A killer bee (D:9)
  A gnoll bouda (D:9)
  2 gnolls
  3 orcs
  4 kobolds
12 creatures vanquished.

Vanquished Creatures (others)
  A scorpion zombie (D:7)
  4 killer bee zombies
  6 kobold zombies
  12 gnoll zombies
  16 orc zombies
  45 plants
84 creatures vanquished.

Grand Total: 319 creatures vanquished

Notes
Turn   | Place    | Note
-------+----------+-------------------------------------------
     0 | D:1      | Shayle the Tengu Reaver began the quest for the Orb.
     0 | D:1      | Reached XP level 1. HP: 12/12 MP: 4/4
   142 | D:1      | Reached XP level 2. HP: 12/17 MP: 6/6
   217 | D:1      | Reached skill level 1 in Necromancy
   848 | D:1      | Reached XP level 3. HP: 15/22 MP: 7/7
  2011 | D:3      | Found Eshilu's Jewellery Emporium.
  2134 | D:3      | Reached XP level 4. HP: 13/27 MP: 8/8
  2584 | D:3      | Gained mutation: Your magical nature lets you fly swiftly
                  | and evasively. [Tengu growth]
  2584 | D:3      | Reached XP level 5. HP: 32/32 MP: 9/9
  3075 | D:4      | Found a staircase to the Ecumenical Temple.
  3094 | Temple   | Entered the Ecumenical Temple
  3214 | Temple   | Became a worshipper of Kikubaaqudgha
  4018 | D:4      | Reached skill level 1 in Armour
  4111 | D:5      | Entered Level 5 of the Dungeon
  4111 | D:5      | Noticed Blork the orc
  4114 | D:5      | Noticed a water moccasin
  4118 | D:4      | Gained mutation: Your mind is acute. (Int +4, Str/Dex -1)
                  | [potion of mutation]
  4118 | D:4      | Gained mutation: You have hidden genetic potential. [potion
                  | of mutation]
  4118 | D:4      | Gained mutation: You are agile. (Dex +4, Str/Int -1)
                  | [potion of mutation]
  4118 | D:4      | Gained mutation: Your muscles are strong. (Str +4, Int/Dex
                  | -1) [potion of mutation]
  4271 | D:5      | Reached XP level 6. HP: 5/34 MP: 7/10
  4403 | D:5      | Learned a level 3 spell: Hailstorm
  4403 | D:5      | Noticed Prince Ribbit
  4461 | D:5      | Noticed a sky beast
  4468 | D:4      | Killed a water moccasin
  4473 | D:4      | Killed Prince Ribbit
  4474 | D:4      | Reached skill level 1 in Ice Magic
  4474 | D:4      | Reached XP level 7. HP: 15/44 MP: 11/11
  4486 | D:4      | Gained mutation: Your muscles are very strong. (Str +8,
                  | Int/Dex -2) [hidden potential]
  5031 | D:5      | Found a large runed translucent door.
  5031 | D:5      | Found a large runed translucent door.
  5031 | D:5      | Noticed xzight's ghost (amateur DEFE)
  5294 | D:6      | Reached skill level 5 in Fighting
  5361 | D:6      | Identified a scroll of acquirement
  5405 | D:6      | Reached skill level 5 in Necromancy
  5405 | D:6      | Reached XP level 8. HP: 45/49 MP: 12/12
  5417 | D:6      | Gained mutation: You are robust. (+10% HP) [hidden
                  | potential]
  5417 | D:6      | Lost mutation: You have hidden genetic potential. [hidden
                  | potential expressed]
  5553 | D:6      | Found a hide-covered altar of Uskayaw.
  5812 | D:6      | Reached * piety under Kikubaaqudgha
  5812 | D:6      | Received a gift from Kikubaaqudgha
  5967 | D:6      | Acquired 611 gold pieces
  5975 | D:6      | Learned a level 3 spell: Vampiric Draining
  5980 | D:6      | Learned a level 4 spell: Animate Dead
  6667 | D:7      | Found Fetaor's General Store.
  7308 | D:7      | Reached skill level 5 in Armour
  7507 | D:7      | Reached XP level 9. HP: 28/60 MP: 13/13
  8097 | D:8      | Found a blossoming altar of Fedhas.
  8421 | D:8      | Reached ** piety under Kikubaaqudgha
  8566 | D:8      | Reached skill level 5 in Ice Magic
  9372 | D:9      | Reached XP level 10. HP: 32/69 MP: 6/14
 10032 | D:9      | Reached *** piety under Kikubaaqudgha
 10032 | D:9      | Received a gift from Kikubaaqudgha
 10334 | D:10     | Entered Level 10 of the Dungeon
 10393 | D:10     | Noticed Joseph
 10406 | D:10     | Killed Joseph
 10407 | D:10     | Reached skill level 1 in Earth Magic
 10566 | D:10     | Found a flagged portal.
 10579 | Bailey   | Entered a bailey
 10633 | Bailey   | Identified the +2 kite shield of the Ladybird {rElec rF-
                  | Will+++ Str-5}
 10636 | Bailey   | Noticed an orc knight
 10709 | Bailey   | Noticed an orc knight
 10757 | Bailey   | Killed an orc knight
 11233 | Bailey   | Killed an orc knight
 11626 | D:10     | Found Jocufir's Lightly-Used Armoury.
 11632 | D:10     | Bought a -1 quick blade for 170 gold pieces
 11867 | D:10     | Noticed a deep elf pyromancer
 11875 | D:10     | Killed a deep elf pyromancer
 11924 | D:10     | Learned a level 5 spell: Borgnjor's Vile Clutch
 12067 | D:10     | Found an ornate altar of the Wu Jian Council.
 12645 | D:9      | Found a staircase to the Lair.
 12677 | D:9      | Slain by a troll

Illustrated notes

Levels and vault maps discovered:
D:1:      lightli_arrival_statuegarden, layout_loops_corners,
          minmay_pentomino_s2
D:2:      layout_loops_ring
D:3:      layout_loops_ring, serial_shops, shop_statue,
          minmay_misc_feat_columns, minmay_lizard_king
D:4:      layout_basic, minmay_temple_entry_crystal_x, nrook_uturn
D:5:      layout_rooms, ebering_ghost_disaster_area, serial_rivers,
          chequers_serial_rivers_micro_c, chequers_serial_rivers_small_b,
          chequers_serial_rivers_marsh, chequers_serial_rivers_large_a,
          chequers_serial_rivers_large_b, minmay_misc_feat_square,
          uniq_blork_the_orc, uniq_prince_ribbit1
D:6:      layout_basic, nicolae_uskayaw_dance_hall
D:7:      layout_cave_pods, serial_shops, shop
D:8:      layout_gridville, nicolae_overflow_crystal_walls, special_room
          [special_room_orc]
D:9:      layout_long_grid, tgw_trog, david_lair_shrubbed
D:10:     layout_basic, overflow_temple_1_default, enter_bailey_3,
          minmay_shop_damaged, minmay_misc_feat_hallway, uniq_joseph
Temple:   mainiacjoe_temple_coin_purse

Skill      XL: |  1  2  3  4  5  6  7  8  9 10 |
---------------+-------------------------------+-----
Necromancy     | 1 2 3 4 5 6 7 8 |  8.0
Dodging        | 3 |  3.9
Fighting       | 3 4 5 6 7 8 |  8.8
Armour         | 1 2 3 5 6 7 |  7.1
Ice Magic      | 1 2 4 5 |  5.7
Earth Magic    | 3 |  3.0
Spellcasting   | 4 |  4.2
Polearms       | |  3.2
Conjurations   | |  4.0

Action                   |  1- 3 |  4- 6 |  7- 9 | 10-12 || total
-------------------------+-------+-------+-------+-------++-------
Melee: Spear             |   109 |    39 |   157 |    95 ||   400
       Kick              |    21 |    20 |    90 |    40 ||   171
       Peck              |    14 |    21 |    56 |    18 ||   109
       Punch             |     1 |     1 |     5 |     2 ||     9
       Dagger            |       |    82 |   146 |       ||   228
       Quarterstaff      |       |       |       |    10 ||    10
 Fire: Sling             |       |       |       |   171 ||   171
Throw: Dart              |       |       |    13 |       ||    13
 Cast: Kiss of Death     |       |     1 |       |       ||     1
       Hailstorm         |       |     2 |     7 |    26 ||    35
       Animate Dead      |       |       |     9 |     5 ||    14
       Vampiric Draining |       |       |     3 |     8 ||    11
Evoke: Wand              |       |     2 |     7 |     1 ||    10
  Use: Potion            |     2 |     3 |     2 |     7 ||    14
       Scroll            |       |     3 |     8 |     7 ||    18
 Stab: Sleeping          |     3 |     2 |       |       ||     5
       Distracted        |       |       |     3 |       ||     3
Armor: Leather armour    |    17 |    13 |    71 |    30 ||   131
Dodge: Dodged            |    65 |    92 |   228 |   130 ||   515

Table legend: (Time is in decaauts)
 A = Elapsed time spent in this place.
 B = Non-inter-level travel time spent in this place.
 C = Inter-level travel time spent in this place.
 D = Time resting spent in this place.
 E = Time spent auto-exploring this place.
 F = Levels seen in this place.
 G = Mean time per level.
                   A        B        C        D        E       F      G
               +--------+--------+--------+--------+--------+-----+--------+
         Total |  12099 |  11619 |    480 |   2566 |   5790 |  12 | 1008.2 |
       Dungeon |  10934 |  10486 |    448 |   2115 |   5697 |  10 | 1093.4 |
        Temple |    119 |     87 |     32 |      0 |     72 |   1 |  119.0 |
        Bailey |   1046 |   1046 |      0 |    451 |     21 |   1 | 1046.0 |
               +--------+--------+--------+--------+--------+-----+--------+

Top non-repeatable levels by time:
     D:8: 1402 daAuts
     D:4: 1396 daAuts
     D:9: 1251 daAuts
     D:6: 1233 daAuts
     D:7: 1142 daAuts
  Bailey: 1046 daAuts
     D:1: 990 daAuts
    D:10: 972 daAuts
     D:3: 885 daAuts
     D:5: 841 daAuts
     D:2: 820 daAuts
  Temple: 119 daAuts
